 Dungeon Crawl Stone Soup version 0.30.1-3-gfc49f6343a (webtiles) character file.

Game seed: 4721680089301869886

13986 H0rd4k the Martial Artist (level 12, -16/77 HPs)
             Began as an Octopode Artificer on July 27, 2023.
             Was an Initiate of Gozag.
             Demolished by a death yak (24 damage)
             ... in an ice cave on July 28, 2023.
             The game lasted 00:32:54 (15879 turns).

H0rd4k the Martial Artist (Octopode Artificer)     Turns: 15879, Time: 00:32:54

Health: -16/77     AC:  7    Str: 15 (17) XL:     12   Next: 11%
Magic:  0/19       EV: 16    Int: 23      God:    Gozag
Gold:   1610       SH:  0    Dex: 14      Spells: 17/21 levels left

rFire   x .          .
                       - Unarmed
rCold   + + .        (no shield)
rNeg    + . .        (helmet restricted)
rPois   .            h - amulet of guardian spirit
rElec   .            F - +4 ring of protection
rCorr   .            k - +6 ring of intelligence
SInv    .            p - ring of positive energy
Will    +....        H - ring of wizardry
Stlth   ++++++       D - ring of willpower
HPRegen 0.32/turn    A - ring of ice
MPRegen 0.16/turn    J - +6 ring of strength
                     b - ring of protection from cold

%: guardian spirit, wizardry (x1)
@: confusing by touch
A: almost no armour, amphibious, 8 rings, camouflage 1, gelatinous body 1,
(nimble swimmer 1), tentacles, iridescent scales 1, deterioration 1
a: Renounce Religion, Potion Petition, Call Merchant, Bribe Branch


You were in an ice cave.
You worshipped Gozag.
Gozag was most pleased with you.
You visited 3 branches of the dungeon, and saw 15 of its levels.
You also visited: Ossuary, Bailey and Ice Cave.

You collected 2403 gold pieces.
You spent 524 gold pieces at shops.
You paid 269 gold pieces to Gozag.

Inventory:

Hand Weapons
 c - the +7 sceptre of Torment {pain, torment}
   (You found it in a bailey)
 i - the +8 short sword "Mebraigg" {spect, rC- rCorr Dex+3}
   (You found it in a bailey)

   Dex:       It affects your dexterity (+3).
   rC:        It makes you vulnerable to cold.
   rCorr:     It protects you from acid and corrosion.
Missiles
 z - 4 throwing nets
 M - 12 poisoned darts (quivered)
Armour
 E - the +1 helmet of the Beggar {Harm Will++ Int+8 Dex-2}
   (You found it in a bailey)

   Int:       It affects your intelligence (+8).
   Dex:       It affects your dexterity (-2).
   Harm:      It increases damage dealt and taken.
   Will:      It greatly increases your willpower.
Jewellery
 b - a ring of protection from cold (on tentacle)
 f - a ring of fire
 h - an amulet of guardian spirit (around mantle)
 k - a +6 ring of intelligence (right tentacle)
 p - a ring of positive energy (on tentacle)
 y - an amulet of faith
 A - a ring of ice (on tentacle)
 D - a ring of willpower (on tentacle)
 F - a +4 ring of protection (left tentacle)
 H - a ring of wizardry (on tentacle)
 J - a +6 ring of strength (on tentacle)
Wands
 o - a wand of charming (2)
 I - a wand of roots (7)
Scrolls
 a - 2 scrolls of noise
 d - 2 scrolls of poison
 j - a scroll of enchant weapon
 l - a scroll of fog
 w - a scroll of fear
 x - 3 scrolls of identify
 B - a scroll of amnesia
 C - a scroll of vulnerability
Potions
 e - 2 potions of haste
 g - 12 potions of curing
 m - 4 potions of cancellation
 n - a potion of ambrosia
 q - 2 potions of degeneration
 r - 2 potions of attraction
 t - 2 potions of magic
 u - 2 potions of brilliance
 v - a potion of flight
 G - 2 potions of might


   Skills:
 + Level 5.3 Fighting
 + Level 3.0 Throwing
 + Level 7.3 Dodging
 + Level 11.8 Stealth
 + Level 12.1 Unarmed Combat
 * Level 5.0 Spellcasting
 + Level 3.4 Hexes
 + Level 6.3 Evocations


You had 17 spell levels left.
You knew the following spells:

 Your Spells              Type           Power      Damage    Failure   Level
a - Slow                  Hex            84%        N/A       1%          1
b - Confusing Touch       Hex            21%        N/A       2%          3

Your spell library contained the following spells:

 Spells                   Type           Power      Damage    Failure   Level
 Kiss of Death            Conj/Necr      20%        2d7       4%          1
 Magic Dart               Conj           20%        1d4       4%          1
 Shock                    Conj/Air       20%        1d4       4%          1
 Call Imp                 Summ           10%        N/A       6%          2
 Dazzling Flash           Conj/Hex       26%        N/A       6%          3
 Cause Fear               Hex            10%        N/A       9%          4
 Hailstorm                Conj/Ice       8%         3d4       12%         3
 Mephitic Cloud           Conj/Pois/Air  5%         N/A       12%         3
 Swiftness                Air            5%         N/A       12%         3
 Vampiric Draining        Necr           5%         2d6       12%         3
 Anguish                  Hex/Necr       6%         N/A       19%         4
 Airstrike                Air            2%         2d(1-17)  34%         4
 Ice Form                 Ice/Tmut       8%         N/A       34%         4
 Passage of Golubria      Tloc           5%         N/A       34%         4
 Petrify                  Tmut/Erth      5%         N/A       34%         4
 Metabolic Englaciation   Hex/Ice        10%        N/A       45%         5
 Silence                  Hex/Air        6%         N/A       45%         5
 Agony                    Necr           5%         N/A       67%         5
 Statue Form              Tmut/Erth      3%         N/A       99%         6
 Enfeeble                 Hex            10%        N/A       99%         7
 Lehudib's Crystal Spear  Conj/Erth      2%         10d2      100%        8
 Simulacrum               Ice/Necr       Unusable   N/A       N/A         6

Dungeon Overview and Level Annotations

Branches:
Dungeon (12/15)            Temple (1/1) D:7            Lair (2/5) D:11
    Orc (0/2) D:11        Ossuary (visited)          Bailey (visited)
  IceCv (1/1)
  Swamp: Lair:2-3    Shoals: Lair:2-3     Snake: Lair:2-3    Spider: Lair:2-3

Altars:
Ashenzari
Cheibriados
Dithmenos
Elyvilon
Fedhas
Gozag
Hepliaklqana
Kikubaaqudgha
Makhleb
Nemelex Xobeh
Okawaru
Qazlal
Ru
Sif Muna
Trog
Uskayaw
Vehumet
Wu Jian
Xom
Yredelemnul
Zin
The Shining One

Shops:
D:2 ?   D:5 =   D:6 *

Annotations:
D:7 exclusion: downstairs
D:8 exclusion: downstairs
D:9 exclusions: downstairs and troll
D:10 exclusions: downstairs and two-headed ogre, Josephine
D:11 exclusion: downstairs
Lair:2 Nergalle


Innate Abilities, Weirdness & Mutations

You cannot wear most types of armour.
You are amphibious.
You can wear up to eight rings at the same time.
Your skin changes colour to match your surroundings (Stealth+).
Your rubbery body absorbs attacks. (AC +1, EV +1)
((You are camouflaged when in or above water. (Stealth+)))
You have tentacles for arms and can constrict up to eight enemies at once.
You are partially covered in iridescent scales. (AC +2)
Your body sometimes deteriorates upon taking damage.


Message History

You see here a +2 cloak.
G - 2 potions of might
q - 2 potions of degeneration (gained 1)
You now have 1563 gold pieces (gained 38).
There is a fountain of clear blue water here.
You see here a +2 cloak.
You now have 1581 gold pieces (gained 18).
You now have 1599 gold pieces (gained 18).
You now have 1606 gold pieces (gained 7).
You now have 1610 gold pieces (gained 4).
You enter the shallow water.
A death yak comes into view.
Found a ring mail, ice dragon scales and 23 gold pieces.
The death yak bellows!
A death yak comes into view.
You enter the shallow water.
The death yak attacks as you move away! The death yak closely misses you.
The death yak attacks as you move away! The death yak gores you!
The death yak attacks as you move away! The death yak gores you!!
The death yak attacks as you move away! The death yak gores you!!
Your body deteriorates!
You feel weakened.
Casting: Confusing Touch (mildly dangerous; 2% risk of failure)
Confirm with . or Enter, or press ? or * to list all spells.
Your tentacles begin to glow red.
The death yak gores you!!
* * * LOW HITPOINT WARNING * * *
You tentacle-slap the death yak but do no damage.
Your squeeze misses the death yak. The death yak gores you!!
* * * LOW HITPOINT WARNING * * *
You feel much better. The death yak gores you!
You tentacle-slap the death yak but do no damage.
The death yak gores you.
* * * LOW HITPOINT WARNING * * *
The death yak attacks as you move away! The death yak gores you!
* * * LOW HITPOINT WARNING * * *
You tentacle-slap the death yak but do no damage.
You squeeze the death yak!
The death yak is lightly wounded.
The death yak attacks as you move away! The death yak gores you!!
You die...
Your body crumbles into a pile of gold.

$[[ ⌠.### ## ##
...#..#
#~#####....#
#~#~#~~.###
##~~~~#~..#
####~~#≈~~##...#
##YY~#######
#### #.@###
##..## ##..#
#..### $ ##...##
$ ###..# #...##
###..## #.....##


You could see 2 death yaks.

Vanquished Creatures
  A two-headed ogre (D:11)
  Erica (D:11)
  A deep elf pyromancer (Bailey)
  An orc knight (Bailey)
  A cyclops (D:11)
  3 black mambas
  An ice statue (IceCv)
  A komodo dragon (D:11)
  5 polar bears (IceCv)
  A troll (D:11)
  Grinder (D:3)
  A shadow (D:8)
  Sigmund (D:2)
  12 yaks
  3 wraiths
  A basilisk (Lair:1)
  A steam dragon (D:7)
  2 vampire mosquitoes (D:10)
  4 water moccasins
  6 orc warriors
  2 ice beasts
  A black bear (D:8)
  16 wolves (IceCv)
  4 ogres
  A phantom (D:6)
  A kobold brigand (D:8)
  4 scorpions
  A bullfrog (Lair:1)
  A gnoll sergeant (D:6)
  A wyvern zombie (D:6)
  3 water moccasin zombies (Ossuary)
  11 wights
  A water moccasin skeleton (D:6)
  3 howler monkeys
  3 hounds (D:5)
  4 orc priests
  2 centaur skeletons (D:6)
  A gnoll bouda (D:9)
  A bullfrog skeleton (D:6)
  A bullfrog zombie (D:6)
  A centaur zombie (D:6)
  4 orc wizards
  Ijyb (D:3)
  2 mummies (Ossuary)
  A howler monkey zombie (D:6)
  12 gnolls
  5 adders
  2 white imps
  3 ufetubi (D:6)
  5 adder zombies (Ossuary)
  2 worms
  2 dart slugs
  25 orcs
  11 endoplasms
  4 giant cockroaches
  4 gnoll zombies (Ossuary)
  8 hobgoblins
  3 jackals (D:2)
  5 kobolds
  4 quokkas
  9 ball pythons
  8 bats
  4 frilled lizards
  A goblin zombie (D:4)
  4 hobgoblin zombies (Ossuary)
  3 kobold zombies (Ossuary)
  6 orc zombies (Ossuary)
  A quokka zombie (D:4)
  8 rats
258 creatures vanquished.

Vanquished Creatures (collateral kills)
  An orc warrior (Bailey)
  2 centaur zombies (D:6)
  An orc priest (D:9)
  3 gnolls (D:6)
  6 orcs
  An endoplasm (D:3)
14 creatures vanquished.

Vanquished Creatures (others)
  An orc warrior (Bailey)
  An ogre (D:5)
  A wight (D:8)
3 creatures vanquished.

Grand Total: 275 creatures vanquished

Notes
Turn   | Place    | Note
-------+----------+-------------------------------------------
     0 | D:1      | H0rd4k the Octopode Artificer began the quest for the Orb.
     0 | D:1      | Reached XP level 1. HP: 13/13 MP: 1/1
   116 | D:1      | Reached XP level 2. HP: 11/18 MP: 2/2
   453 | D:1      | Found a faded altar of an unknown god.
   498 | D:1      | Got Plato's Spellbook of Unspeakable Secrets
   898 | D:2      | Reached XP level 3. HP: 23/23 MP: 3/3
  1040 | D:2      | Found Efobram's Magic Scroll Shop.
  1138 | D:2      | Noticed Sigmund
  1144 | D:2      | Killed Sigmund
  1145 | D:2      | Reached skill level 2 in Unarmed Combat
  1145 | D:2      | Reached XP level 4. HP: 23/28 MP: 4/4
  1145 | D:2      | Reached XP level 5. HP: 27/33 MP: 5/5
  1829 | D:3      | Found a glowing golden altar of the Shining One.
  1851 | D:3      | Reached skill level 3 in Unarmed Combat
  1851 | D:3      | Reached XP level 6. HP: 26/38 MP: 6/6
  1960 | D:3      | Noticed Ijyb
  2024 | D:3      | Killed Ijyb
  2126 | D:3      | Noticed Grinder
  2133 | D:3      | Paralysed by Grinder for 2 turns
  2142 | D:3      | Killed Grinder
  2143 | D:3      | Reached skill level 5 in Stealth
  2143 | D:3      | Reached skill level 4 in Unarmed Combat
  2143 | D:3      | Reached XP level 7. HP: 42/44 MP: 7/7
  2831 | D:4      | Found a sand-covered staircase.
  2853 | Ossuary  | Entered an ossuary
  3188 | Ossuary  | Reached skill level 5 in Unarmed Combat
  3664 | D:4      | Reached XP level 8. HP: 48/50 MP: 8/8
  3900 | D:5      | Entered Level 5 of the Dungeon
  4108 | D:5      | Reached skill level 6 in Unarmed Combat
  4248 | D:5      | Found Raox's Jewellery Emporium.
  5147 | D:6      | Reached skill level 5 in Evocations
  5297 | D:6      | Reached skill level 7 in Unarmed Combat
  5690 | D:6      | Found Zamics's Fire Supplies.
  5878 | D:5      | Reached XP level 9. HP: 55/55 MP: 9/9
  6323 | D:8      | Reached skill level 8 in Unarmed Combat
  6876 | D:7      | Found a staircase to the Ecumenical Temple.
  6975 | Temple   | Entered the Ecumenical Temple
  7203 | D:5      | Reached skill level 5 in Dodging
  7855 | D:8      | HP: 2/54 [wight/+0 short sword (1)]
  8288 | D:8      | Reached skill level 9 in Unarmed Combat
  8991 | D:8      | Reached XP level 10. HP: 55/63 MP: 8/10
  9182 | D:9      | Reached skill level 10 in Stealth
 10602 | D:10     | Entered Level 10 of the Dungeon
 10643 | D:10     | Found a flagged portal.
 10652 | Bailey   | Entered a bailey
 10911 | Bailey   | Noticed an orc knight
 10975 | Bailey   | Killed an orc knight
 10976 | Bailey   | Reached skill level 1 in Throwing
 10976 | Bailey   | Reached skill level 10 in Unarmed Combat
 11018 | Bailey   | Found a large runed translucent door.
 11018 | Bailey   | Found a large runed translucent door.
 11019 | Bailey   | Noticed a deep elf pyromancer
 11021 | Bailey   | Found the +7 sceptre of Torment {pain, torment}
 11064 | Bailey   | Identified a scroll of acquirement
 11064 | Bailey   | Acquired 1023 gold pieces
 11140 | Bailey   | Gained mutation: Your body sometimes deteriorates upon
                  | taking damage. [potion of mutation]
 11140 | Bailey   | Gained mutation: You are partially covered in iridescent
                  | scales. (AC +2) [potion of mutation]
 11146 | Bailey   | Killed a deep elf pyromancer
 11158 | Bailey   | Identified the +8 short sword "Mebraigg" {spect, rC- rCorr
                  | Dex+3}
 11161 | Bailey   | Identified the +1 helmet of the Beggar {Harm Will++ Int+8
                  | Dex-2}
 11186 | Bailey   | Learned a level 1 spell: Slow
 11297 | D:10     | Noticed a two-headed ogre
 11364 | D:10     | Noticed Josephine
 11493 | D:10     | Found a blossoming altar of Fedhas.
 11493 | D:10     | Found a stormy altar of Qazlal.
 11494 | D:10     | Found a bloodstained altar of Trog.
 11495 | D:10     | Found a shimmering blue altar of Sif Muna.
 11596 | D:10     | Noticed a two-headed ogre
 11612 | D:10     | Reached skill level 1 in Hexes
 11890 | D:2      | Bought a scroll of fear for 56 gold pieces
 11986 | D:5      | Bought a +4 ring of protection for 468 gold pieces
 12220 | D:10     | Found a sparkling altar of Nemelex Xobeh.
 12220 | D:10     | Found a shadowy altar of Dithmenos.
 12220 | D:10     | Found a hide-covered altar of Uskayaw.
 12220 | D:10     | Found a basalt altar of Yredelemnul.
 12220 | D:10     | Found an opulent altar of Gozag.
 12222 | D:10     | Found a white marble altar of Elyvilon.
 12222 | D:10     | Found a broken altar of Ashenzari.
 12222 | D:10     | Found a glowing silver altar of Zin.
 12224 | D:10     | Found an iron altar of Okawaru.
 12224 | D:10     | Found a radiant altar of Vehumet.
 12224 | D:10     | Found an ancient bone altar of Kikubaaqudgha.
 12228 | D:10     | Became a worshipper of Gozag Ym Sagoz the Greedy
 12452 | D:10     | Reached skill level 1 in Spellcasting
 13066 | D:10     | Learned a level 3 spell: Confusing Touch
 13152 | D:10     | Reached XP level 11. HP: 55/70 MP: 7/13
 13367 | D:11     | Noticed Erica
 13400 | D:11     | Noticed a two-headed ogre
 13404 | D:11     | Noticed a cyclops
 13425 | D:11     | Found a staircase to the Lair.
 13427 | D:11     | Killed a two-headed ogre
 13428 | D:11     | Reached skill level 11 in Unarmed Combat
 13575 | D:11     | Killed Erica
 13576 | D:11     | Killed a cyclops
 13988 | D:11     | Found a staircase to the Orcish Mines.
 14082 | D:11     | Identified the +11 long sword "Wadde" {distort, rC- Str+5}
 14363 | Lair:1   | Entered Level 1 of the Lair of Beasts
 14464 | Lair:1   | Reached skill level 5 in Fighting
 14539 | Lair:1   | You fall into a shaft and drop 1 floor!
 14668 | Lair:2   | Noticed Nergalle
 14830 | Lair:1   | Found a frozen archway.
 14839 | IceCv    | Entered an ice cave
 15448 | IceCv    | Reached XP level 12. HP: 77/77 MP: 15/18
 15477 | IceCv    | Reached skill level 12 in Unarmed Combat
 15763 | IceCv    | Reached skill level 5 in Spellcasting
 15863 | IceCv    | Noticed a death yak
 15863 | IceCv    | Noticed a death yak
 15879 | IceCv    | Demolished by a death yak

Illustrated notes

Levels and vault maps discovered:
D:1:      roderic_crop_circles_arrival_small, layout_loops_ring,
          shapermc_ecumenical_altar_rom_forum
D:2:      layout_loops_ring, serial_shops, shop, chequers_serial_rivers_room_a,
          uniq_sigmund
D:3:      layout_loops_cross, mainiacjoe_overflow_concentric_impassable,
          uniq_ijyb, uniq_grinder
D:4:      layout_loops_ring, enter_ossuary_4, grunt_ministairs_2,
          lightli_corner_chamber
D:5:      layout_layer_cave, serial_shops, nicolae_take_the_stairs,
          minmay_misc_feat_rugged
D:6:      layout_loops_ring, serial_undead, serial_undead_a, serial_undead_c,
          serial_undead_e, serial_undead_f, serial_undead_e, serial_undead_c,
          serial_undead_d, serial_undead_c, nicolae_shop_fire_sale
          [nicolae_sub_dead_trees]
D:7:      layout_cave_pools, minmay_temple_entry_junction, grunt_ogre_cave,
          minivault_11
D:8:      layout_loops_ring
D:9:      layout_gridville
D:10:     layout_loops_ring, nicolae_overflows_in_rows, enter_bailey_2,
          minmay_misc_feat_doors, uniq_josephine
D:11:     layout_basic, david_lair_shrubbed, orc_0_dummy, uniq_erica
D:12:     layout_basic, serial_shops, shop, shop, shop, grunt_decor_cap
Temple:   nicolae_temple_two_arcs
Lair:1:   layout_loops_ring, portal_ice_cave_entry_pillars_1, minivault_19,
          nicolae_quartered_pool_impasse
Lair:2:   layout_roguey, cheibrodos_lair_lostbears, serial_bayou_shore_a,
          uniq_nergalle
IceCv:    ice_cave_caverns_03

Skill      XL: |  1  2  3  4  5  6  7  8  9 10 11 12 |
---------------+-------------------------------------+-----
Evocations     | 4 5 6 |  6.3
Dodging        | 3 4 5 6 7 |  7.3
Stealth        | 4 5 6 8 9 10 11 | 11.8
Unarmed Combat | 2 3 4 5 7 9 10 11 12 | 12.1
Fighting       | 2 3 4 5 |  5.3
Throwing       | 2 3 |  3.0
Hexes          | 1 3 |  3.4
Spellcasting   | 1 4 5 |  5.0

Action                     |  1- 3 |  4- 6 |  7- 9 | 10-12 || total
---------------------------+-------+-------+-------+-------++-------
  Melee: Unarmed           |    87 |    59 |   350 |   414 ||   910
         Tentacles         |    24 |    10 |    98 |   120 ||   252
         Constrict         |    17 |    12 |    69 |    54 ||   152
         Punch             |       |     3 |    15 |    52 ||    70
  Throw: Dart              |       |       |       |    25 ||    25
         Throwing net      |       |       |       |     4 ||     4
   Cast: Confusing Touch   |       |       |       |    25 ||    25
         Slow              |       |       |       |     7 ||     7
  Evoke: Wand              |     2 |    15 |    23 |    19 ||    59
    Use: Potion            |       |       |       |    18 ||    18
         Scroll            |       |       |       |    20 ||    20
   Stab: Sleeping          |     9 |     4 |    26 |     2 ||    41
         Betrayed ally     |       |     1 |       |       ||     1
         Distracted        |       |       |     1 |     3 ||     4
         Invisible         |       |       |       |     1 ||     1
         Held in net/web   |       |       |       |     1 ||     1
         Confused          |       |       |       |    16 ||    16
 Armour: Skin              |     7 |     7 |    13 |    85 ||   112
  Dodge: Dodged            |    45 |    44 |   217 |   252 ||   558
